[ AOE2 MATCH · #505866136 ]
UnrankedArmenians vs Lithuanians
Player's team · WIN
[ REPLAY ANALYSIS · EXTRACTED FROM THE RECORDED GAME ]
Feudal
9:16
Castle
20:27
Imperial
33:31
| APM avg | 71.9 |
| APM peak | 116 |
| eAPM avg | 36.3 |
| Villagers / military | 177 / 378 |
Focus
⚔️ 41.8% · 🌾 58.2%
Militia ×156 · Composite Bowman ×131 · Spearman ×52 · Monk ×11 · Trebuchet (Packed) ×10 · Knight ×8
Feudal
9:54
Castle
20:48
Imperial
33:13
| APM avg | 66.9 |
| APM peak | 102 |
| eAPM avg | 36.2 |
| Villagers / military | 161 / 216 |
Focus
⚔️ 51.3% · 🌾 48.7%
Skirmisher ×86 · Scout Cavalry ×52 · Leitis ×21 · Hand Cannoneer ×16 · Archer ×11 · Spearman ×10
Match map
Initial resources + every placement click. Lines = walls · curves = elevation contours. ◆ gold · ⬟ stone · ● berries · ✦ relic · ◌ wall gap
Your base· ✓ Closed at 20:27 · 42t walls · no gate
_Barles_'s base· ✓ Closed at 20:48 · 33t walls · no gate
Smoothed initial terrain · ◌ = detected wall gap · hover for details
Inputs per minute
— DS_Ciskhan - - _Barles_
Build order — DS_Ciskhan
First 150 of 604 actions detected
| 0:00 | Create | Villager (Male) |
| 0:01 | Build | House |
| 0:02 | Build | House |
| 0:05 | Create | Villager (Male) |
| 0:05 | Create | Villager (Male) |
| 0:05 | Create | Villager (Male) |
| 1:27 | Create | Villager (Male) |
| 2:01 | Create | Villager (Male) |
| 2:17 | Create | Villager (Male) |
| 2:17 | Create | Villager (Male) |
| 2:26 | Build | Mule Cart |
| 2:28 | Create | Villager (Male) |
| 2:53 | Create | Villager (Male) |
| 3:06 | Build | Mule Cart |
| 3:13 | Build | House |
| 3:18 | Create | Villager (Male) |
| 3:42 | Create | Villager (Male) |
| 3:58 | Create | Villager (Male) |
| 4:00 | Create | Villager (Male) |
| 4:47 | Build | House |
| 4:57 | Create | Villager (Male) |
| 5:08 | Create | Villager (Male) |
| 5:22 | Research | Loom |
| 5:23 | Create | Villager (Male) |
| 5:23 | Create | Villager (Male) |
| 5:44 | Build | Mill |
| 6:24 | Create | Villager (Male) |
| 7:02 | Research | Feudal Age |
| 7:13 | Build | Barracks |
| 7:50 | Build | Mule Cart |
| 8:01 | Create | Militia |
| 8:01 | Create | Militia |
| 8:26 | Create | Militia |
| 8:26 | Create | Militia |
| 8:31 | Build | House |
| 8:32 | Build | Palisade Wall |
| 8:51 | Create | Spearman |
| 8:55 | Build | Palisade Wall |
| 9:12 | Create | Villager (Male) |
| 9:16 | Age | Feudal Age |
| 9:17 | Research | Man-at-Arms (upgrade) |
| 9:31 | Create | Villager (Male) |
| 9:54 | Create | Villager (Male) |
| 9:55 | Create | Villager (Male) |
| 10:10 | Create | Villager (Male) |
| 10:21 | Research | Long Swordsman (upgrade) |
| 10:23 | Create | Villager (Male) |
| 10:23 | Create | Villager (Male) |
| 10:26 | Build | Farm |
| 10:28 | Build | Farm |
| 10:38 | Create | Villager (Male) |
| 10:49 | Build | House |
| 10:56 | Build | Palisade Wall |
| 10:58 | Build | Palisade Wall |
| 11:00 | Build | House |
| 11:12 | Create | Villager (Male) |
| 11:22 | Build | Farm |
| 11:25 | Build | Palisade Wall |
| 11:28 | Build | Palisade Wall |
| 11:30 | Create | Villager (Male) |
| 11:30 | Create | Villager (Male) |
| 11:39 | Build | Palisade Wall |
| 11:42 | Build | Palisade Wall |
| 11:50 | Create | Villager (Male) |
| 12:17 | Research | Double-Bit Axe |
| 12:22 | Build | Palisade Wall |
| 12:26 | Create | Villager (Male) |
| 12:33 | Build | Palisade Wall |
| 12:38 | Build | Palisade Wall |
| 12:40 | Create | Villager (Male) |
| 12:42 | Build | Farm |
| 13:01 | Create | Villager (Male) |
| 13:03 | Build | Farm |
| 13:18 | Create | Villager (Male) |
| 13:19 | Build | Farm |
| 13:31 | Create | Villager (Male) |
| 13:33 | Build | Farm |
| 13:37 | Build | Farm |
| 13:43 | Build | Palisade Wall |
| 13:45 | Create | Villager (Male) |
| 13:56 | Research | Horse Collar |
| 14:13 | Create | Villager (Male) |
| 14:14 | Build | Farm |
| 14:17 | Build | Farm |
| 14:20 | Create | Villager (Male) |
| 14:30 | Build | House |
| 14:38 | Create | Villager (Male) |
| 14:40 | Build | House |
| 14:51 | Build | Farm |
| 14:52 | Build | Farm |
| 14:58 | Build | Farm |
| 15:08 | Create | Villager (Male) |
| 15:11 | Build | Farm |
| 15:37 | Build | Stable |
| 15:42 | Build | Stable |
| 15:46 | Build | Stable |
| 15:51 | Build | Stable |
| 15:57 | Build | Farm |
| 16:04 | Create | Villager (Male) |
| 16:06 | Build | Farm |
| 16:13 | Build | Farm |
| 16:25 | Build | Farm |
| 16:40 | Create | Villager (Male) |
| 16:53 | Build | Blacksmith |
| 17:02 | Create | Villager (Male) |
| 17:07 | Build | Farm |
| 17:09 | Build | Farm |
| 17:16 | Build | House |
| 17:31 | Build | Farm |
| 17:47 | Research | Castle Age |
| 17:49 | Build | House |
| 18:02 | Create | Scout Cavalry |
| 18:20 | Create | Scout Cavalry |
| 18:26 | Build | House |
| 18:27 | Build | House |
| 18:31 | Create | Scout Cavalry |
| 18:39 | Research | Scale Barding Armor |
| 18:49 | Create | Scout Cavalry |
| 19:15 | Research | Bloodlines |
| 19:24 | Build | Palisade Wall |
| 19:25 | Build | Palisade Wall |
| 20:00 | Research | Gold Mining |
| 20:09 | Create | Scout Cavalry |
| 20:27 | Age | Castle Age |
| 20:29 | Build | Monastery |
| 20:31 | Research | Bow Saw |
| 20:33 | Create | Villager (Male) |
| 20:35 | Build | Town Center |
| 20:54 | Create | Warrior Priest |
| 20:54 | Create | Warrior Priest |
| 20:55 | Create | Villager (Male) |
| 20:55 | Create | Villager (Male) |
| 20:58 | Create | Villager (Male) |
| 20:58 | Create | Villager (Male) |
| 21:08 | Build | Farm |
| 21:09 | Build | Farm |
| 21:14 | Research | Wheelbarrow |
| 21:24 | Create | Villager (Male) |
| 21:29 | Create | Villager (Male) |
| 21:31 | Build | Farm |
| 21:44 | Create | Villager (Male) |
| 21:44 | Create | Villager (Male) |
| 21:48 | Build | Farm |
| 21:48 | Build | Farm |
| 21:52 | Research | Light Cavalry (upgrade) |
| 22:15 | Create | Scout Cavalry |
| 22:24 | Create | Villager (Male) |
| 22:24 | Create | Villager (Male) |
| 22:28 | Build | Town Center |
| 22:41 | Create | Villager (Male) |
Build order — _Barles_
First 150 of 467 actions detected
| 0:01 | Create | Villager (Male) |
| 0:02 | Build | House |
| 0:03 | Build | House |
| 0:03 | Create | Villager (Male) |
| 0:33 | Create | Villager (Male) |
| 0:51 | Create | Villager (Male) |
| 1:30 | Create | Villager (Male) |
| 1:51 | Build | Lumber Camp |
| 1:51 | Create | Villager (Male) |
| 2:07 | Create | Villager (Male) |
| 2:37 | Create | Villager (Male) |
| 3:08 | Create | Villager (Male) |
| 3:19 | Create | Villager (Male) |
| 3:39 | Build | House |
| 3:54 | Create | Villager (Male) |
| 4:25 | Create | Villager (Male) |
| 4:32 | Build | Barracks |
| 4:39 | Create | Villager (Male) |
| 4:58 | Build | House |
| 5:00 | Create | Villager (Male) |
| 5:23 | Create | Militia |
| 5:24 | Create | Militia |
| 5:32 | Create | Villager (Male) |
| 5:55 | Build | Mill |
| 6:06 | Create | Villager (Male) |
| 6:13 | Research | Loom |
| 6:18 | Build | House |
| 7:09 | Create | Villager (Male) |
| 7:20 | Build | Mill |
| 7:44 | Research | Feudal Age |
| 8:06 | Create | Militia |
| 8:15 | Build | Mining Camp |
| 8:44 | Create | Militia |
| 8:46 | Build | House |
| 8:48 | Build | Palisade Wall |
| 8:49 | Build | Palisade Wall |
| 9:00 | Build | Palisade Wall |
| 9:20 | Build | Palisade Wall |
| 9:29 | Create | Villager (Male) |
| 9:54 | Age | Feudal Age |
| 10:07 | Create | Villager (Male) |
| 10:13 | Build | Palisade Wall |
| 10:20 | Build | Palisade Wall |
| 10:21 | Create | Villager (Male) |
| 10:32 | Build | Archery Range |
| 10:34 | Build | Palisade Wall |
| 10:37 | Create | Villager (Male) |
| 10:50 | Build | Palisade Wall |
| 10:50 | Build | Palisade Wall |
| 10:52 | Create | Villager (Male) |
| 11:04 | Build | Palisade Wall |
| 11:07 | Research | Double-Bit Axe |
| 11:12 | Build | House |
| 11:16 | Build | Farm |
| 11:23 | Create | Archer |
| 11:33 | Create | Archer |
| 11:36 | Create | Skirmisher |
| 11:42 | Build | Palisade Wall |
| 11:45 | Create | Villager (Male) |
| 11:53 | Build | Palisade Wall |
| 12:04 | Create | Villager (Male) |
| 12:05 | Build | Farm |
| 12:05 | Create | Archer |
| 12:11 | Build | Palisade Wall |
| 12:18 | Create | Villager (Male) |
| 12:35 | Build | Blacksmith |
| 12:43 | Build | Farm |
| 12:50 | Create | Archer |
| 12:52 | Create | Villager (Male) |
| 13:07 | Build | Farm |
| 13:08 | Build | Farm |
| 13:29 | Research | Fletching |
| 13:30 | Create | Skirmisher |
| 13:36 | Create | Villager (Male) |
| 13:44 | Build | Farm |
| 13:55 | Build | House |
| 13:58 | Create | Skirmisher |
| 13:59 | Create | Villager (Male) |
| 14:09 | Build | House |
| 14:10 | Create | Villager (Male) |
| 14:42 | Create | Archer |
| 14:51 | Build | House |
| 14:52 | Create | Villager (Male) |
| 14:57 | Build | Farm |
| 15:02 | Create | Archer |
| 15:33 | Create | Villager (Male) |
| 15:35 | Build | Farm |
| 15:42 | Build | House |
| 15:44 | Build | Farm |
| 15:44 | Create | Villager (Male) |
| 15:50 | Build | Market |
| 16:01 | Build | Farm |
| 16:03 | Build | Farm |
| 16:04 | Build | Farm |
| 16:06 | Create | Villager (Male) |
| 16:29 | Create | Villager (Male) |
| 16:52 | Build | Farm |
| 16:53 | Create | Villager (Male) |
| 17:43 | Create | Villager (Male) |
| 17:59 | Research | Castle Age |
| 18:05 | Build | Mining Camp |
| 18:17 | Research | Horse Collar |
| 18:18 | Research | Horse Collar |
| 18:35 | Build | House |
| 19:00 | Research | Stone Mining |
| 19:01 | Research | Gold Mining |
| 19:09 | Build | Palisade Wall |
| 19:37 | Create | Spearman |
| 19:42 | Create | Spearman |
| 19:43 | Create | Villager (Male) |
| 20:05 | Build | House |
| 20:43 | Create | Spearman |
| 20:48 | Age | Castle Age |
| 20:49 | Research | Bodkin Arrow |
| 20:49 | Research | Crossbowman (upgrade) |
| 20:51 | Create | Villager (Male) |
| 20:54 | Build | Town Center |
| 21:07 | Create | Spearman |
| 21:15 | Create | Spearman |
| 21:19 | Build | Farm |
| 21:19 | Create | Villager (Male) |
| 21:36 | Build | Town Center |
| 21:56 | Research | Pikeman (upgrade) |
| 21:56 | Research | Pikeman (upgrade) |
| 22:06 | Create | Villager (Male) |
| 22:13 | Create | Villager (Male) |
| 22:18 | Create | Villager (Male) |
| 22:22 | Create | Villager (Male) ×2 |
| 22:25 | Build | Monastery |
| 22:33 | Create | Spearman |
| 22:35 | Create | Villager (Male) |
| 22:36 | Create | Villager (Male) |
| 22:38 | Build | Farm |
| 22:46 | Create | Archer |
| 22:46 | Create | Archer |
| 22:47 | Create | Villager (Male) |
| 22:50 | Create | Spearman |
| 22:56 | Build | Farm |
| 22:57 | Create | Villager (Male) |
| 23:09 | Create | Monk |
| 23:11 | Build | House |
| 23:19 | Create | Villager (Male) |
| 23:20 | Create | Archer |
| 23:28 | Create | Villager (Male) |
| 23:43 | Create | Villager (Male) |
| 23:44 | Build | Farm |
| 23:47 | Build | Farm |
| 23:48 | Build | Farm |
| 23:48 | Build | Farm |
| 23:48 | Build | Farm |
Match timeline
| 4:32 | _Barles_ · first_building Barracks |
| 7:13 | DS_Ciskhan · first_building Barracks |
| 8:32 | DS_Ciskhan · wall_segment Palisade Wall x1 |
| 8:48 | _Barles_ · wall_segment Palisade Wall x1 |
| 8:49 | _Barles_ · wall_segment Palisade Wall x4 |
| 8:55 | DS_Ciskhan · wall_segment Palisade Wall x1 |
| 9:00 | _Barles_ · wall_segment Palisade Wall x8 |
| 9:16 | DS_Ciskhan · age_up feudal |
| 9:20 | _Barles_ · wall_segment Palisade Wall x2 |
| 9:54 | _Barles_ · age_up feudal |
| 10:13 | _Barles_ · wall_segment Palisade Wall x7 |
| 10:20 | _Barles_ · wall_segment Palisade Wall x3 |
| 10:32 | _Barles_ · first_building Archery Range |
| 10:34 | _Barles_ · wall_segment Palisade Wall x3 |
| 10:50 | _Barles_ · wall_segment Palisade Wall x1 |
| 10:50 | _Barles_ · wall_segment Palisade Wall x1 |
| 10:56 | DS_Ciskhan · wall_segment Palisade Wall x1 |
| 10:58 | DS_Ciskhan · wall_segment Palisade Wall x8 |
| 11:04 | _Barles_ · wall_segment Palisade Wall x1 |
| 11:25 | DS_Ciskhan · wall_segment Palisade Wall x7 |
| 11:28 | DS_Ciskhan · wall_segment Palisade Wall x3 |
| 11:39 | DS_Ciskhan · wall_segment Palisade Wall x8 |
| 11:42 | DS_Ciskhan · wall_segment Palisade Wall x7 |
| 11:42 | _Barles_ · wall_segment Palisade Wall x1 |
| 11:53 | _Barles_ · wall_segment Palisade Wall x1 |
| 12:11 | _Barles_ · wall_segment Palisade Wall x1 |
| 12:22 | DS_Ciskhan · wall_segment Palisade Wall x1 |
| 12:33 | DS_Ciskhan · wall_segment Palisade Wall x4 |
| 12:38 | DS_Ciskhan · wall_segment Palisade Wall x4 |
| 13:43 | DS_Ciskhan · wall_segment Palisade Wall x1 |
| 15:37 | DS_Ciskhan · first_building Stable |
| 16:46 | _Barles_ · first_market_buy 100 food |
| 16:47 | _Barles_ · first_market_sell 100 wood |
| 19:09 | _Barles_ · wall_segment Palisade Wall x1 |
| 19:24 | DS_Ciskhan · wall_segment Palisade Wall x1 |
| 19:25 | DS_Ciskhan · wall_segment Palisade Wall x1 |
| 20:27 | DS_Ciskhan · age_up castle |
| 20:29 | DS_Ciskhan · first_building Monastery |
| 20:48 | _Barles_ · age_up castle |
| 22:25 | _Barles_ · first_building Monastery |
| 25:14 | _Barles_ · first_building Castle |
| 29:21 | DS_Ciskhan · first_building Castle |
| 29:45 | DS_Ciskhan · wall_segment Palisade Wall x1 |
| 29:51 | DS_Ciskhan · first_market_sell 100 wood |
| 30:17 | _Barles_ · first_building Stable |
| 30:32 | DS_Ciskhan · first_market_buy 500 stone |
| 31:14 | DS_Ciskhan · wall_segment Stone Wall x1 |
| 32:07 | DS_Ciskhan · wall_segment Stone Wall x10 |
| 32:09 | DS_Ciskhan · wall_segment Stone Wall x11 |
| 32:52 | DS_Ciskhan · wall_segment Stone Wall x6 |
| 33:05 | DS_Ciskhan · wall_segment Stone Wall x6 |
| 33:13 | _Barles_ · age_up imperial |
| 33:26 | _Barles_ · first_building Siege Workshop |
| 33:31 | DS_Ciskhan · age_up imperial |
| 33:33 | DS_Ciskhan · first_building Siege Workshop |
| 34:07 | DS_Ciskhan · wall_segment Stone Wall x1 |
| 35:07 | _Barles_ · wall_segment Stone Wall x1 |
| 52:22 | _Barles_ · resign |
[ AI ANALYSIS · 1 CREDIT ]
What really happened in this match?
Wolo.gg analyzes every decision: build order, eco, micro, common mistakes by bracket. Personalized analysis on WhatsApp or Discord in 30 seconds.
Civ guide
Armenians
Perfil
Jugador #1136191